Warning! The script has encountered some errors when parsing the replay. Please report them to the . » details
0x00, prev: 0x16: 16 02 03 00 8B 38 00 00 08 28 05 00 BB 88 00 00 34 4A 05 00 C9 9F 00 00 E1 44 05 00 [00] 00 00 00 00 00 00 00 00 00 00 00 00 00 00 00 00 00 00 00 00 00 00 00 03 00
0x00, prev: 0x00: 16 02 03 00 8B 38 00 00 08 28 05 00 BB 88 00 00 34 4A 05 00 C9 9F 00 00 E1 44 05 00 00 00 00 00 00 00 00 00 00 00 00 00 00 00 00 00 00 00 00 00 00 00 [00] 00 03 00
0x00, prev: 0x01: 16 02 02 00 5C 85 00 00 DF C9 00 00 99 87 00 00 BF C0 00 00 00 00 00 00 00 00 00 00 00 00 00 00 00 00 00 00 00 00 00 00 00 00 00 00 01 [00] 04 01 00 67
General information
- name: BNet
- type: Ladder team game (AT/RT)
- host: Battle.net
- saver: JEWISHPANCAKe
map: UpperKingdom
- players: 6
- length: 19:53
- speed: Fast
- version: 1.23 W3XP
- replay type: Public
» download(197 KB)
Players
team 1 (winner)
JEWISHPANCAKe (
green | 136 APM | 793 actions | 05:49)
2 Demon Hunter
1 Mana Burn
1 Evasion
» actions
| Assign group hotkey | 7 | |
| Build / train | 54 | |
| Enter build submenu | 11 | |
| Enter hero's abilities submenu | 4 | |
| Right click | 557 | |
| Select / deselect | 121 | |
| Select group hotkey | 8 | |
| Use ability | 31 | |
793 total
» units
» buildings
| Altar of Elders | 1 | |
| Moon Well | 5 | |
| Tree of Life | 2 | |
| Ancient of War | 2 | |
| Tree of Ages | 1 | |
| Hunter's Hall | 1 | |
12 total
» build order
00:08 Altar of Elders
00:18 Moon Well
04:52 Tree of Life
05:49 Moon Well
sMs.CriMsoN (
pink | 586 APM | 3415 actions | 05:49)
4 Death Knight
2 Death Coil
2 Unholy Aura
1 Lich
1 Frost Nova
1 Crypt Lord
1 Impale
» actions
| Assign group hotkey | 40 | |
| Basic commands | 231 | |
| Build / train | 85 | |
| ESC pressed | 2 | |
| Enter build submenu | 20 | |
| Enter hero's abilities submenu | 15 | |
| Give item / drop item | 3 | |
| Right click | 1117 | |
| Select / deselect | 410 | |
| Select group hotkey | 1361 | |
| Use ability | 129 | |
3415 total
» units
| Acolyte | 4 | |
| Ghoul | 1 | |
| Crypt Fiend | 9 | |
| Frost Wyrm | 10 | |
24 total
» upgrades
| Creature Attack | 3 | |
| Creature Carapace | 3 | |
| Burrow | 1 | |
| Web | 1 | |
| Freezing Breath | 1 | |
9 total
» buildings
| Graveyard | 1 | |
| Crypt | 2 | |
| Altar of Darkness | 1 | |
| Ziggurat | 9 | |
| Tomb of Relics | 3 | |
| Nerubian Tower | 2 | |
| Halls of the Dead | 1 | |
| Black Citadel | 2 | |
| Sacrificial Pit | 1 | |
| Boneyard | 2 | |
24 total
» build order
00:09 Graveyard
00:13 Crypt
00:34 Altar of Darkness
00:38 Ziggurat
00:57 Tomb of Relics
01:42 Ziggurat
01:45 Crypt
01:57 Nerubian Tower
02:14 Halls of the Dead
02:49 Ziggurat
03:19 Ziggurat
04:46 Black Citadel
04:47 Black Citadel
05:42 Sacrificial Pit
05:43 Ziggurat
05:49 Tomb of Relics
» items
| Rod of Necromancy | 7 | |
| Dust of Appearance | 1 | |
| Orb of Corruption | 1 | |
| Scroll of Town Portal | 3 | |
12 total
TIME4OLDSKOOL (
yellow | 297 APM | 1733 actions | 05:49)
2 Keeper of the Grove
1 Entangling Roots
1 Thorns Aura
1 Pit Lord
1 Rain of Fire
» actions
| Assign group hotkey | 95 | |
| Basic commands | 80 | |
| Build / train | 59 | |
| ESC pressed | 2 | |
| Enter build submenu | 16 | |
| Enter hero's abilities submenu | 6 | |
| Give item / drop item | 1 | |
| Right click | 923 | |
| Select / deselect | 212 | |
| Select group hotkey | 287 | |
| Use ability | 52 | |
1733 total
» units
» upgrades
» buildings
| Altar of Elders | 1 | |
| Moon Well | 6 | |
| Hunter's Hall | 1 | |
| Ancient of War | 2 | |
| Tree of Ages | 1 | |
| Ancient of Lore | 3 | |
| Tree of Life | 1 | |
15 total
» build order
00:06 Altar of Elders
00:17 Moon Well
01:21 Hunter's Hall
01:41 Ancient of War
01:59 Ancient of War
02:13 Moon Well
02:26 Moon Well
04:55 Moon Well
05:49 Tree of Life
» items
| Scroll of Town Portal | 2 | |
| Scroll of Healing | 1 | |
| Potion of Healing | 1 | |
4 total
team 2 (loser)
iNt]Mikey (
blue | 495 APM | 2888 actions | 05:49)
3 Death Knight
2 Death Coil
1 Unholy Aura
1 Lich
1 Frost Nova
» actions
| Assign group hotkey | 20 | |
| Build / train | 49 | |
| Enter build submenu | 16 | |
| Enter hero's abilities submenu | 9 | |
| Give item / drop item | 1 | |
| Right click | 1656 | |
| Select / deselect | 369 | |
| Select group hotkey | 696 | |
| Use ability | 72 | |
2888 total
» units
| Acolyte | 2 | |
| Ghoul | 3 | |
| Crypt Fiend | 7 | |
| Frost Wyrm | 7 | |
19 total
» upgrades
| Creature Attack | 2 | |
| Burrow | 1 | |
| Creature Carapace | 2 | |
| Web | 1 | |
6 total
» buildings
| Graveyard | 1 | |
| Crypt | 1 | |
| Altar of Darkness | 1 | |
| Ziggurat | 7 | |
| Tomb of Relics | 1 | |
| Halls of the Dead | 1 | |
| Black Citadel | 1 | |
| Sacrificial Pit | 1 | |
| Boneyard | 2 | |
16 total
» build order
00:11 Graveyard
00:14 Crypt
00:28 Altar of Darkness
00:40 Ziggurat
00:53 Tomb of Relics
01:52 Ziggurat
03:27 Halls of the Dead
03:52 Ziggurat
05:49 Ziggurat
» items
| Rod of Necromancy | 3 | |
| Dust of Appearance | 1 | |
| Orb of Corruption | 1 | |
| Potion of Mana | 2 | |
| Scroll of Town Portal | 2 | |
| Orb of Lightning | 1 | |
| Potion of Healing | 1 | |
11 total
Promise (
teal | 507 APM | 2953 actions | 05:49)
2 Priestess of the Moon
1 Searing Arrows
1 Trueshot Aura
» actions
| Assign group hotkey | 189 | |
| Basic commands | 9 | |
| Build / train | 79 | |
| Enter build submenu | 21 | |
| Enter hero's abilities submenu | 6 | |
| Remove unit from queue | 3 | |
| Right click | 1517 | |
| Select / deselect | 375 | |
| Select group hotkey | 680 | |
| Use ability | 74 | |
2953 total
» units
» upgrades
| Ultravision | 1 | |
| Strength of the Moon | 1 | |
2 total
» buildings
| Altar of Elders | 1 | |
| Moon Well | 4 | |
| Hunter's Hall | 1 | |
| Ancient of War | 6 | |
| Ancient Protector | 1 | |
| Tree of Life | 3 | |
16 total
» build order
00:08 Altar of Elders
00:18 Moon Well
01:41 Hunter's Hall
01:44 Ancient of War
01:58 Moon Well
02:15 Ancient of War
02:42 Moon Well
05:07 Ancient Protector
05:49 Tree of Life
» items
| Dust of Appearance | 2 | |
| Scroll of Town Portal | 2 | |
| Scroll of Healing | 1 | |
| Rod of Necromancy | 1 | |
| Potion of Healing | 2 | |
| Scroll of Speed | 1 | |
9 total
R.aped- (
red | 504 APM | 2937 actions | 05:49)
2 Tauren Chieftain
1 Endurance Aura
1 War Stomp
» actions
| Assign group hotkey | 74 | |
| Basic commands | 153 | |
| Build / train | 68 | |
| ESC pressed | 2 | |
| Enter build submenu | 26 | |
| Enter hero's abilities submenu | 5 | |
| Right click | 1212 | |
| Select / deselect | 374 | |
| Select group hotkey | 952 | |
| Use ability | 71 | |
2937 total
» units
| Peon | 8 | |
| Troll Headhunter/Berserker | 19 | |
| Kodo Beast | 3 | |
| Shaman | 6 | |
36 total
» upgrades
| Ranged Weapons | 2 | |
| Troll Regeneration | 1 | |
| Shaman Training | 2 | |
| Berserker Upgrade | 1 | |
| War Drums Damage Increase | 1 | |
| Reinforced Defenses | 1 | |
8 total
» buildings
| Orc Burrow | 15 | |
| War Mill | 1 | |
| Altar of Storms | 1 | |
| Barracks | 2 | |
| Voodoo Lounge | 1 | |
| Stronghold | 2 | |
| Fortress | 3 | |
| Beastiary | 1 | |
| Spirit Lodge | 3 | |
29 total
» build order
00:20 Orc Burrow
00:33 War Mill
00:48 Altar of Storms
01:21 Barracks
01:48 Barracks
02:03 Orc Burrow
02:19 Voodoo Lounge
04:32 Stronghold
04:32 Stronghold
04:50 Orc Burrow
05:06 Orc Burrow
05:49 Orc Burrow
» items
| Healing Salve | 3 | |
| Scroll of Speed | 1 | |
| Scroll of Town Portal | 1 | |
5 total
Chat log
(00:04 / Allies) sMs.CriMsoN: norm?
(00:10 / Allies) TIME4OLDSKOOL: they rape norm
(00:12 / Allies) TIME4OLDSKOOL: piuck
(00:12 / Allies) TIME4OLDSKOOL: fack
(00:17 / Allies) sMs.CriMsoN: i don like garg vs orc
(00:20 / Allies) TIME4OLDSKOOL: lkk
(00:21 / Allies) TIME4OLDSKOOL: norm
(00:23 / Allies) TIME4OLDSKOOL: kotg
(00:24 / Allies) TIME4OLDSKOOL: here
(00:27 / Allies) TIME4OLDSKOOL: dont let
(00:27 / Allies) TIME4OLDSKOOL: tc
(00:28 / Allies) TIME4OLDSKOOL: mad lvl
(00:29 / Allies) TIME4OLDSKOOL: is goal
(00:48 / Allies) TIME4OLDSKOOL: u go to tc
(00:51 / Allies) TIME4OLDSKOOL: ill brt
(01:30 / Allies) sMs.CriMsoN: wait u feeding me full?
(01:33 / Allies) TIME4OLDSKOOL: huh
(01:34 / Allies) TIME4OLDSKOOL: no?
(01:35 / Allies) sMs.CriMsoN: ima ylove then
(01:38 / Allies) sMs.CriMsoN: jew is
(01:42 / Allies) TIME4OLDSKOOL: kk
(01:43 / Allies) TIME4OLDSKOOL: ylove
(01:43 / Allies) TIME4OLDSKOOL: it
(02:33 / Allies) TIME4OLDSKOOL: just rass
(02:36 / Allies) TIME4OLDSKOOL: prevent movement
(03:14 / Allies) TIME4OLDSKOOL: hh
(03:15 / Allies) TIME4OLDSKOOL: hh
(03:48 / Allies) TIME4OLDSKOOL: keep tc
(03:49 / Allies) TIME4OLDSKOOL: lvl 1
(05:49 / Allies) TIME4OLDSKOOL: maybe next year